AoeStats
← Tenamaxtli

Arena

509266260Analyzed
4v4 RM · 5d ago on Sep 26, 2026· 50m 41s· 8 players
Game mode
Random Map
Map size
Large (8 player)
Population
200
Speed
Normal
Resources
Standard
Victory
Conquest
Starting age
Dark Age
Ending age
Imperial Age
RankedLock teamsTeams togetherTeam positionsShared explorationLock speedFull tech treeHidden civsTurbo modeCheats
Victory
Defeat
🇨🇴 Byzantines · Colombia
1176
+15
🇨🇴 Saxons · Colombia
1174
+15
🇨🇴 Gurjaras · Colombia
1170
+15
🇨🇴 Danes · Colombia
1092
+18
🇲🇽 Danes · Mexico
1250
-21
🇲🇽 Malay · Mexico
1189
-17
🇲🇽 Khmer · Mexico
1081
-13
🇲🇽 Inca · Mexico
1067
-12
lord_hect
10:20 Feudal Age
14:32 Castle Age
19:17 Wheelbarrow
20:14 Double-Bit Axe
20:10 Horse Collar
26:28 Redemption
26:39 Sanctity
27:33 Squires
27:19 Arson
28:51 Bow Saw
28:42 Heavy Plow
28:34 Gold Mining
28:37 Stone Mining
28:41 Elite Skirmisher
29:27 Thumb Ring
29:47 Ballistics
30:38 Loom
31:31 Scale Mail Armor
31:42 Forging
31:33 Padded Archer Armor
32:26 Andean Sling
32:44 Chain Mail Armor
32:20 Fletching
33:37 Hand Cart
36:16 Imperial Age
36:18 Iron Casting
35:39 Bodkin Arrow
36:00 Leather Archer Armor
36:18 Caravan
36:50 Elite Kamayuk
38:36 Fabric Shields
44:37 Plate Mail Armor
45:08 Blast Furnace
44:39 Ring Archer Armor
44:10 Bracer
48:22 Chemistry
47:18 Murder Holes
47:29 Siege Engineers
49:22 Conscription
Tenamaxtli
9:40 Feudal Age
11:25 Loom
14:19 Castle Age
12:29 Double-Bit Axe
14:36 Scale Mail Armor
15:52 Wheelbarrow
16:20 Arson
16:21 Gambesons
20:32 Fletching
28:13 Chain Mail Armor
28:09 Forging
30:07 Devotion
32:43 Iron Casting
36:14 Imperial Age
37:30 Plate Mail Armor
38:01 Blast Furnace
37:07 Squires
42:11 Conscription
42:17 Conscription
41:49 Elite Jomsviking
Carlos
10:29 Feudal Age
11:26 Double-Bit Axe
11:24 Horse Collar
12:56 Gold Mining
14:33 Loom
15:16 Fletching
16:25 Wheelbarrow
18:35 Loom
22:46 Castle Age
21:43 Padded Archer Armor
23:00 Crossbowman
24:13 Hand Cart
24:05 Bodkin Arrow
24:26 Leather Archer Armor
30:36 Gold Shaft Mining
38:43 Imperial Age
41:54 Bow Saw
42:31 Ballistics
44:23 Chemistry
43:37 Fortified Wall
43:34 Caravan
43:25 Arbalester
47:01 Siege Engineers
46:52 Murder Holes
49:50 Masonry
Tiiiian
11:07 Feudal Age
14:36 Castle Age
13:10 Double-Bit Axe
14:58 Bow Saw
15:59 Loom
17:46 Wheelbarrow
18:33 Horse Collar
20:56 Town Watch
21:24 Gold Mining
22:18 Stone Mining
23:00 Fletching
23:41 Bodkin Arrow
23:58 Crossbowman
28:33 Imperial Age
26:12 Padded Archer Armor
28:05 Ballistics
28:15 Hand Cart
29:14 Chemistry
28:07 Arbalester
28:52 Thumb Ring
29:24 Bracer
31:57 Conscription
31:55 Forced Levy
33:15 Siege Engineers
41:21 Pikeman
42:02 Squires
46:30 Leather Archer Armor
Puurple_Col
10:44 Feudal Age
11:02 Loom
11:48 Double-Bit Axe
14:40 Castle Age
12:29 Horse Collar
16:01 Bow Saw
29:53 Imperial Age
29:31 Scale Mail Armor
29:42 Forging
35:30 Scale Mail Armor
35:41 Forging
35:41 Shield Wall
37:12 Conscription
36:37 Elite Hearth Troop
38:21 Chain Mail Armor
38:42 Iron Casting
40:02 Plate Mail Armor
40:49 Wheelbarrow
40:00 Town Watch
40:33 Caravan
42:16 Fletching
42:33 Arson
42:49 Squires
42:34 Gambesons
44:47 Bodkin Arrow
47:05 Bracer
46:58 Elite Varangian Guard
48:02 Gold Mining
48:02 Stone Mining
l The Ruxo l
11:51 Feudal Age
15:38 Castle Age
13:34 Double-Bit Axe
15:25 Loom
18:07 Horse Collar
21:35 Bow Saw
22:28 Wheelbarrow
24:04 Heavy Plow
24:45 Bow Saw
24:34 Town Watch
29:27 Imperial Age
29:05 Forging
28:56 Scale Mail Armor
28:47 Man-at-Arms
29:12 Gambesons
29:28 Squires
29:14 Arson
29:29 Long Swordsman
30:51 Conscription
31:30 Chain Mail Armor
31:10 Gold Mining
31:18 Two-Handed Swordsman
32:21 Champion
34:42 Iron Casting
34:25 Fletching
35:56 Plate Mail Armor
37:09 Elite Jomsviking
39:46 Hand Cart
39:35 Hamask
42:45 Hoardings
44:07 Elite Varangian Guard
48:00 Gold Shaft Mining
47:15 Stone Mining
47:19 Stone Mining
Th3 Yonx
11:11 Feudal Age
12:26 Double-Bit Axe
15:20 Castle Age
13:05 Horse Collar
14:38 Gold Mining
16:23 Bow Saw
16:30 Heavy Plow
17:59 Loom
21:19 Wheelbarrow
20:44 Town Watch
21:19 Scale Barding Armor
22:28 Bloodlines
24:52 Chain Barding Armor
27:41 Husbandry
32:00 Imperial Age
30:21 Gold Shaft Mining
29:40 Stone Mining
30:18 Forging
31:35 Kshatriyas
33:23 Plate Barding Armor
34:09 Conscription
33:57 Elite Shrivamsha Rider
36:59 Iron Casting
40:07 Crop Rotation
40:49 Stone Shaft Mining
40:45 Hand Cart
41:05 Frontier Guards
41:55 Fortified Wall
42:42 Town Patrol
45:50 Fletching
46:22 Ballistics
47:03 Chemistry
46:14 Masonry
46:32 Heavy Camel Rider
Who S MortaL
10:48 Feudal Age
15:01 Castle Age
12:52 Double-Bit Axe
13:03 Horse Collar
15:00 Loom
20:01 Fortified Wall
21:50 Heavy Plow
22:03 Bow Saw
24:24 Wheelbarrow
28:00 Imperial Age
25:59 Treadmill Crane
27:03 Fletching
27:14 Padded Archer Armor
27:20 Elite Skirmisher
29:50 Chemistry
29:36 Conscription
30:30 Bodkin Arrow
30:51 Leather Archer Armor
30:41 Murder Holes
31:37 Thumb Ring
32:50 Bracer
33:48 Hand Cart
33:59 Elite Varangian Guard
36:21 Scale Mail Armor
36:31 Forging
37:54 Chain Mail Armor
39:47 Plate Mail Armor
39:53 Iron Casting
42:52 Ring Archer Armor
48:50 Logistica
Connection lost

Rejoining the realm…

Still unreachable

The connection could not be restored.

Session expired

The server has moved on; the page needs a fresh start.